 Dungeon Crawl Stone Soup version 0.23.2-1-ga50397a (webtiles) character file.

Game seed: 14021380473471722126

919625 flogoulette the Skullcrusher (level 27, -7/271 (273) HPs)
             Began as a Minotaur Berserker on May 23, 2019.
             Was a High Priest of Trog.
             Hit by an ancient champion thrown by iron giant (18 damage)
             ... on level 5 of the Iron City of Dis on May 25, 2019.
             The game lasted 05:48:20 (74239 turns).

flogoulette the Skullcrusher (Minotaur Berserker)  Turns: 74239, Time: 05:48:20

HP:   -7/271 (273)  AC: 39    Str: 35 (36) XL:     27
MP:   36/36         EV: 22    Int:  4      God:    Trog [*****.]
Gold: 9745          SH: 33    Dex: 14 (15) Spells: 26/26 levels left

rFire    + + .     SeeInvis .   v - +9 eveningstar (holy)
rCold    + + .     Gourm    .   t - +2 large shield
rNeg     + + +     Faith    .   i - +4 gold dragon scales
rPois    +         Spirit   .   (helmet restricted)
rElec    +         Reflect  +   e - +2 cloak
rCorr    .         Harm     .   W - +1 pair of gloves of Untruth {rElec Regen+ Str+3}
MR       +++++                  Q - +0 pair of boots of Entitlement {rPois Regen+}
Stlth    ..........             J - amulet "Ejuity" {Reflect Dex+3 SH+2 Stlth+}
HPRegen  2.35/turn              f - ring "Nonk" {rC- rN++ MR+++ AC+2}
MPRegen  0.25/turn              j - ring of Unus {rC++ rN+}

@: very slightly contaminated, regenerating
A: retaliatory headbutt, horns 2, iridescent scales 1, deformed body,
deterioration 1, fire resistance 1, sense surroundings 1, shaggy fur 1, no
potion heal 1, sturdy frame 1
}: 7/15 runes: decaying, serpentine, slimy, silver, obsidian, bone, abyssal
a: Berserk, Trog's Hand, Brothers in Arms, Renounce Religion


You were on level 5 of the Iron City of Dis.
You worshipped Trog.
Trog was extremely pleased with you.
You were not hungry.

You visited 15 branches of the dungeon, and saw 76 of its levels.
You visited the Abyss 1 time.
You also visited: Sewer and Gauntlet.

You collected 12298 gold pieces.
You spent 2553 gold pieces at shops.

Inventory:

Hand Weapons
 v - a +9 eveningstar of holy wrath (weapon)
 U - the +7 sceptre of Asmodeus
   (You took it off Asmodeus on level 7 of Gehenna)
Armour
 e - a +2 cloak (worn)
 i - +4 gold dragon scales (worn)
 t - a +2 large shield (worn)
 Q - the +0 pair of boots of Entitlement (worn) {rPois Regen+}
   (You found it on level 8 of the Dungeon)

   It protects you from poison.
   It increases your rate of regeneration.
 V - the +1 shield of Broken Taboos {rF+ rN+}
   (You found it on level 3 of the Depths)

   It protects you from fire.
   It protects you from negative energy.
 W - the +1 pair of gloves of Untruth (worn) {rElec Regen+ Str+3}
   (You found it in a Gauntlet)

   It affects your strength (+3).
   It insulates you from electricity.
   It increases your rate of regeneration.
Jewellery
 f - the ring "Nonk" (left hand) {rC- rN++ MR+++ AC+2}
   (You bought it in a shop on level 2 of the Snake Pit)

   [ring of protection]

   It affects your AC (+2).
   It makes you vulnerable to cold.
   It greatly protects you from negative energy.
   It affects your resistance to hostile enchantments.
 j - the ring of Unus (right hand) {rC++ rN+}
   (You found it on level 3 of the Realm of Zot)

   [ring of positive energy]

   It greatly protects you from cold.
   It protects you from negative energy.
 r - the ring "Vaihoywk" {MR+ Int+5}
   (You found it on level 7 of Gehenna)

   [ring of protection from magic]

   It affects your intelligence (+5).
   It affects your resistance to hostile enchantments.
 J - the amulet "Ejuity" (around neck) {Reflect Dex+3 SH+2 Stlth+}
   (You took it off a deep elf mage on level 3 of the Elven Halls)

   [amulet of reflection]

   It shields you and reflects attacks.
   It affects your dexterity (+3).
   It affects your SH (+2).
   It makes you more stealthy.
Wands
 k - a wand of paralysis (30)
 o - a wand of enslavement (4)
 w - a wand of clouds (2)
 z - a wand of digging (3)
 F - a wand of scattershot (15)
 G - a wand of iceblast (31)
 L - a wand of acid (62)
 M - a wand of disintegration (74)
Scrolls
 a - 13 scrolls of enchant armour
 g - 6 scrolls of fog
 m - 17 scrolls of teleportation
 s - 5 scrolls of holy word
 u - a scroll of remove curse
 C - 13 scrolls of fear
 I - 17 scrolls of identify
 O - a scroll of silence
 P - 4 scrolls of brand weapon
 S - a scroll of summoning
 Z - 5 scrolls of magic mapping
Potions
 b - 3 potions of mutation
 d - 27 potions of curing
 n - 5 potions of ambrosia
 q - 10 potions of haste
 x - 6 potions of heal wounds
 B - 2 potions of agility
 D - 2 potions of might
 E - 2 potions of flight
 H - 7 potions of resistance
 K - 2 potions of invisibility
 N - 4 potions of cancellation
Miscellaneous
 h - 2 phantom mirrors
 p - a phial of floods
 y - 3 sacks of spiders
 A - a lightning rod (4/4)
 R - a lamp of fire
 T - the horn of Geryon
 X - 4 boxes of beasts
 Y - a fan of gales
Comestibles
 c - 63 rations


   Skills:
 O Level 27 Fighting
 O Level 27 Maces & Flails
 O Level 27 Armour
 + Level 23.7 Dodging
 - Level 5.0 Stealth
 O Level 27 Shields
 + Level 21.2 Evocations


You had 26 spell levels left.
You didn't know any spells.
Your spell library was empty.

Dungeon Overview and Level Annotations

Branches:
Dungeon (15/15)            Temple (0/1) D:7            Lair (6/6) D:11
  Swamp (4/4) Lair:3        Snake (4/4) Lair:2        Slime (5/5) Lair:6
    Orc (2/2) D:11            Elf (3/3) Orc:2        Vaults (5/5) D:13
  Crypt (3/3) Vaults:3       Tomb (0/3) Crypt:3      Depths (5/5) D:15
   Hell (1/1)                 Dis (3/7) Hell            Geh (7/7) Hell
    Coc (0/7) Hell            Tar (7/7) Hell            Zot (5/5) Depths:5

Altars:
Cheibriados
Elyvilon
Fedhas
Gozag
Kikubaaqudgha
Nemelex Xobeh
Ru
Trog
Vehumet
Wu Jian
Yredelemnul
The Shining One
Jiyva

Shops:
D:4 }   D:9 =   D:10 (   D:13 (   Orc:2 (**   Elf:2 (   Snake:1 [[
Snake:2 ==}   Snake:3 }   Vaults:1 %   Vaults:2 !

Portals:
Hell: Depths:1 Depths:2 Depths:3 Depths:4 Depths:5
Abyss: Depths:1 Depths:4 Depths:5
Pandemonium: Depths:2 Depths:3
Ziggurat: Depths:2

Annotations:
Depths:2 1 exclusion
Geh:2 exclusions: 2 hellions and 1 more exclusion
Zot:3 , 2 transporters


Innate Abilities, Weirdness & Mutations

You reflexively headbutt those who attack you in melee.
You have a pair of horns on your head.
You are partially covered in iridescent scales. (AC +2)
Armour fits poorly on your strangely shaped body.
Your body sometimes deteriorates upon taking damage.
Your flesh is heat resistant. (rF+)
You passively map a small area around you.
You are covered in fur. (AC +1)
Potions are less effective at restoring your health.
Your movements are slightly less encumbered by armour. (ER -2)


Message History

The iron giant convulses!
The iron imp sputters.
The iron giant throws the reaper at you!
You block the reaper's attack.
The tormentor calls on the powers of darkness!
The iron giant convulses!
Your body is wracked with pain!
* * * LOW HITPOINT WARNING * * *
You block the reaper's attack.
The iron giant throws the rust devil at you!
* * * LOW HITPOINT WARNING * * *
Unknown command.
Unknown command.
You block the anaconda zombie's attack. x2; You block the rust devil's attack.
The ancient champion casts a spell at you.
The iron shot misses you. The tormentor completely misses you.
The tormentor closely misses you. You block the anaconda zombie's attack.
The anaconda zombie misses you. The tormentor closely misses you.
The tormentor barely misses you.
The iron giant throws the ancient champion at you!
You die...

##...........#, ,
, ##............#
, #.....W.......#
, #..5...W.Z....+,
, #.....W∩.z....#
....2.5..2M...####
#....W.8z∩........
#.....4...hC......
,
#..Z.Zz@ZzW.......
*,
#..C.2222..4......
,
.......Z2.........
.....Z............
,
#.............####
##...#.......##
#############


You could see 2 iron giants, 3 reapers, 2 ancient champions, a skeletal warrior,
a flayed ghost, a phantasmal warrior, 2 rust devils, a hellion, 3 tormentors, 2
wraiths, a hell hound, a shadow, a flying skull, a mummy, 2 iron imps, an
anaconda zombie, a spiny frog zombie, a fire dragon zombie, a fire giant zombie,
a titan zombie and an alligator skeleton.

Vanquished Creatures
  Asmodeus (Geh:7)
  Dissolution (Slime:5)
  Ereshkigal (Tar:7)
  9 ancient liches
  5 orbs of fire
  The ghost of totalnoob the Executioner, a veteran MiMo of Trog (Zot:3)
  Frederick (Crypt:2)
  Boris (twice) (Crypt:3 Vaults:5)
  Margery (Crypt:1)
  the Lernaean hydra (Swamp:4)
  The ghost of Alunk the Bludgeoner, a legendary GnFi of Cheibriados (Zot:3)
  Bai Suzhen (Swamp:3)
  4 Killer Klowns
  Saint Roka (Snake:2)
  3 curse toes
  Vashnia (Snake:4)
  Geryon (Hell)
  Jory (Vaults:2)
  8 golden dragons
  6 bone dragons
  9 doom hounds
  24 Tzitzimimeh
  20 Brimstone Fiends
  Rupert (D:12)
  11 liches
  Jorgrun (Snake:1)
  13 Orb Guardians (Zot:5)
  A Hell Sentinel (Tar:7)
  16 tentacled monstrosities
  An Ice Fiend (Dis:1)
  2 titans
  2 deep elf master archers (Elf:3)
  2 deep elf blademasters
  30 acid blobs
  3 tentacled starspawn (Abyss:2)
  7 quicksilver dragons
  2 eldritch tentacles
  2 sphinxes
  An Executioner (Geh:2)
  Murray (Hell)
  2 ancient champions
  A shadow dragon (shapeshifter) (Depths:3)
  13 shadow dragons
  2 thorn hunters
  Kirke (D:13)
  10 tengu reavers
  8 death cobs
  15 storm dragons
  Donald (Snake:1)
  Roxanne (D:14)
  13 azure jellies
  An azure jelly (shapeshifter) (Depths:2)
  2 storm dragons (shapeshifter)
  5 draconian monks
  11 nagarajas
  2 revenants
  2 frost giants (shapeshifter) (Depths:3)
  7 frost giants
  The ghost of shugdite the Warrior, an adept KoBe of Trog (Lair:4)
  An iron dragon (shapeshifter) (Depths:3)
  15 balrugs
  Aizul (Depths:1)
  15 draconian knights
  3 iron dragons
  6 draconian scorchers
  4 ghost moths
  The ghost of Nuesmol the Peltast, a journeyman FoFi of Okawaru (Lair:3)
  5 deep elf sorcerers
  4 ghouls
  Louise (Snake:4)
  A ghost moth (shapeshifter) (Depths:3)
  14 fire giants
  21 vault wardens
  A draconian shifter (Zot:5)
  6 deep elf elementalists
  14 stone giants
  9 ironheart preservers
  5 draconian annihilators
  A spriggan defender (Depths:4)
  A draconian stormcaller (Depths:5)
  12 war gargoyles
  43 reapers
  The ghost of Rokoch the Severer, a journeyman HOWn of Yredelemnul (Lair:3)
  Nessos (D:14)
  2 entropy weavers
  14 green draconians
  14 vampire knights
  23 very ugly things
  5 deep elf demonologists
  A minotaur (Gauntlet)
  6 black draconians
  16 purple draconians
  4 lorocyprocas
  12 yellow draconians
  The ghost of Deed the Peltast, a journeyman MiFi of Wu Jian (Lair:3)
  19 white draconians
  9 spark wasps
  12 deep elf annihilators
  4 blizzard demons
  6 red draconians
  The ghost of Fuxod the Fighter, a journeyman GnWn of Xom (Lair:3)
  4 crystal guardians
  6 death oozes
  Snorg (D:13)
  2 green deaths
  8 deep elf death magi
  A quicksilver dragon zombie (Geh:1)
  3 eidola
  9 fire dragons
  16 ettins
  A spectral kraken (Tar:7)
  4 jiangshi
  15 yaktaur captains
  15 great orbs of eyes
  Fannar (D:11)
  11 naga warriors
  6 deep elf high priests
  17 hydras
  2 ghost crabs
  4 rakshasas
  3 quicksilver dragon skeletons
  2 spriggan air magi
  A merfolk avatar (Lair:6)
  2 catoblepae
  3 juggernaut simulacra (Depths:3)
  12 anacondas
  6 ice dragons
  4 death knights
  31 vault guards
  A shambling mangrove (Swamp:4)
  5 centaur warriors
  28 dancing weapons
  5 tengu warriors
  54 two-headed ogres
  2 deep troll shamans
  4 vampire magi
  18 ogre magi
  15 naga sharpshooters
  24 hell hogs
  12 alligators
  5 deep troll earth magi
  2 spriggan berserkers (Depths:5)
  27 hell knights
  7 shock serpents
  14 sun demons
  4 titan skeletons
  Sonja (D:12)
  5 titan zombies
  26 deep elf knights
  27 soul eaters
  4 storm dragon zombies
  4 iron golems
  2 ghost moth zombies
  The ghost of diana the Skirmisher, a novice DsGl of Okawaru (D:6)
  15 deep trolls
  5 glowing orange brains
  74 skeletal warriors
  8 anaconda zombies
  2 shadow wraiths
  2 spriggan druids (Swamp:3)
  2 sea snakes
  2 death drakes
  2 death drakes (shapeshifter)
  2 kraken simulacra (Hell)
  2 unseen horrors
  13 flayed ghosts
  15 swamp dragons
  11 naga ritualists
  A swamp dragon (shapeshifter) (Elf:3)
  15 deep elf archers
  24 shadow demons
  2 tengu zombies
  2 wizards
  5 shadow dragon zombies
  4 golden dragon skeletons
  19 ironbrand convokers
  4 golden dragon zombies
  7 anaconda skeletons
  An orb spider (shapeshifter) (Depths:4)
  10 orc knights
  63 deep elf magi
  5 fire giant zombies
  16 mana vipers
  3 shadow dragon skeletons
  3 shining eyes
  3 stone giant zombies
  4 wolf spider zombies
  46 ugly things
  7 frost giant zombies
  3 iron dragon zombies
  A cyclops (D:15)
  4 oklob plants (Lair:5)
  9 salamanders
  21 necromancers
  15 phantasmal warriors
  5 wolf spiders
  4 orc sorcerers
  A faun (shapeshifter) (Depths:3)
  4 manticores
  26 moths of wrath
  6 stone giant skeletons
  4 fire giant skeletons
  3 elephants (Lair:6)
  20 naga magi
  5 frost giant skeletons
  31 black mambas
  3 centaur zombies
  5 iron dragon skeletons
  5 guardian serpents
  16 vault sentinels
  4 molten gargoyles
  4 shock serpent zombies
  Maurice (D:8)
  A dire elephant zombie (Crypt:1)
  A guardian serpent (shapeshifter) (Depths:4)
  16 rust devils
  2 spiny frogs (shapeshifter)
  19 spiny frogs
  2 eyes of devastation
  A spectral iron troll (Crypt:2)
  5 smoke demons
  25 hellions
  2 dire elephant skeletons
  2 torpor snails (Lair:4)
  10 spectral swamp worms (Tar:7)
  2 shock serpent skeletons
  A catoblepas zombie (Tar:4)
  9 efreet
  A yaktaur zombie (Vaults:5)
  9 komodo dragons
  21 freezing wraiths
  44 yaktaurs
  An anaconda simulacrum (Depths:3)
  27 tormentors
  A redback zombie (D:15)
  2 minotaur zombies
  3 rime drakes (Lair:6)
  A kobold demonologist (Depths:5)
  An alligator snapping turtle skeleton (Crypt:1)
  2 spectral deep trolls (Crypt:2)
  4 ice devils
  4 hydra zombies
  An ancient zyme (Abyss:3)
  27 red devils
  A meliai (shapeshifter) (D:15)
  A catoblepas skeleton (Crypt:2)
  A demonic crawler (Hell)
  2 silent spectres
  A queen bee (shapeshifter) (Elf:1)
  2 tengu conjurers (Depths:4)
  4 harpy zombies
  3 harpy skeletons
  5 polar bears
  3 meliai (D:15)
  A jumping spider (shapeshifter) (Vaults:4)
  A wolf spider simulacrum (D:15)
  A shadow dragon simulacrum (Vaults:5)
  5 trolls
  Grinder (D:4)
  3 jumping spiders
  17 hornets
  A troll (shapeshifter) (Vaults:2)
  28 blink frogs
  2 alligator zombies
  9 bog bodies
  3 ettin zombies
  2 hornets (shapeshifter)
  A tengu simulacrum (Vaults:5)
  12 tyrant leeches
  A wind drake (Lair:6)
  5 fire dragon zombies
  4 hydra skeletons
  4 ice dragon zombies
  108 slime creatures
  12 hippogriffs
  2 stone giant simulacra
  4 raiju (Abyss:2)
  2 centaur simulacra
  A snapping turtle (shapeshifter) (Vaults:3)
  75 flying skulls
  A tarantella (shapeshifter) (Vaults:4)
  5 redbacks
  11 spriggans
  5 air elementals
  3 fire dragon skeletons
  3 alligator skeletons
  8 ice dragon skeletons
  A black mamba zombie (Geh:1)
  4 ettin skeletons
  13 small abominations
  24 wraiths
  A yak (shapeshifter) (Vaults:2)
  4 black mamba skeletons
  A spriggan (shapeshifter) (Depths:2)
  6 water elementals
  29 yaks
  7 golden eyes
  18 shadows
  2 fire bats (Gauntlet)
  2 wyverns
  A ynoxinul (Abyss:2)
  2 hogs (D:13)
  41 fire elementals
  6 hungry ghosts
  22 vampire mosquitoes
  2 basilisks (Lair:1)
  4 large abominations (Abyss:2)
  A steam dragon (D:9)
  17 swamp worms
  6 wargs
  A soldier ant (D:13)
  A two-headed ogre zombie (Crypt:2)
  A soldier ant (shapeshifter) (Depths:1)
  Edmund (D:4)
  A gelid demonspawn zombie (Geh:6)
  11 insubstantial wisps
  3 acid dragons
  70 nagas
  80 hell hounds
  9 water moccasins
  2 floating eyes
  3 porcupines
  6 spiny frog zombies
  A black bear (shapeshifter) (Vaults:5)
  10 ice beasts
  7 phantoms
  A hornet zombie (D:12)
  36 orc warriors
  A spiny frog skeleton (Geh:7)
  8 eyes of draining
  2 eyes of draining (shapeshifter)
  A sky beast (D:9)
  5 snapping turtle zombies
  13 swamp drakes
  A manticore zombie (Geh:7)
  57 ogres
  27 necrophages
  15 wolves
  A manticore skeleton (Geh:1)
  11 boggarts
  2 snapping turtle skeletons
  A swamp dragon skeleton (Geh:3)
  13 centaurs
  12 crocodiles
  7 big kobolds
  An elf zombie (Geh:2)
  15 bullfrogs
  A bullfrog (shapeshifter) (Vaults:5)
  4 earth elementals
  An elf skeleton (Crypt:3)
  A scorpion (D:14)
  A spriggan zombie (Tar:5)
  A scorpion (shapeshifter) (Vaults:3)
  2 shapeshifter zombies (Crypt:2)
  A swamp dragon simulacrum (Crypt:1)
  11 killer bees
  89 wights
  2 howler monkeys
  A polar bear skeleton (Crypt:2)
  3 electric eels
  11 crimson imps
  A lava snake (Snake:1)
  A human simulacrum (Vaults:2)
  2 bullfrog zombies
  5 hounds
  6 centaur skeletons
  A gnoll shaman (D:8)
  A hound (shapeshifter) (Depths:3)
  5 jellies
  16 orc wizards
  2 human zombies
  9 orc priests
  A bullfrog skeleton (D:8)
  4 iron imps
  3 human skeletons
  2 iguanas
  A demonspawn skeleton (Crypt:1)
  5 hell rats (Depths:1)
  7 worker ants
  2 naga zombies
  A hound zombie (D:6)
  2 hound skeletons
  A mummy (Dis:1)
  A howler monkey zombie (Crypt:2)
  Robin (D:4)
  7 gnolls
  A howler monkey skeleton (D:4)
  A naga simulacrum (Crypt:2)
  10 adders
  A river rat (D:6)
  A steam dragon zombie (Crypt:2)
  8 shadow imps
  A white imp (Abyss:2)
  An ufetubus (Abyss:2)
  6 oozes (D:5)
  An adder skeleton (D:4)
  A worm (D:3)
  A barachi skeleton (Crypt:1)
  3 dart slugs
  5 leopard geckos
  93 orcs
  11 giant cockroaches
  15 goblins
  8 hobgoblins
  25 jackals
  A jackal (shapeshifter) (Vaults:4)
  5 quokkas
  3 ball pythons
  6 bats
  4 frilled lizards
  A gnoll skeleton (Crypt:1)
  A jackal skeleton (Crypt:1)
  25 kobolds
  A kobold zombie (Geh:3)
  A leopard gecko zombie (D:5)
  11 rats
  A rat zombie (Crypt:1)
  3 briar patches (Swamp:4)
  A crawling corpse (Elf:3)
  3 fire vortices
  5 plants
  2 starspawn tentacles (Abyss:2)
  A tentacle (Hell)
3464 creatures vanquished.

Vanquished Creatures (collateral kills)
  the Royal Jelly (Slime:5)
  An orb of fire (Zot:5)
  A titan (Vaults:5)
  3 Orb Guardians (Zot:5)
  4 very ugly things
  An ettin (Depths:4)
  A great orb of eyes (Slime:5)
  A rakshasa (Depths:4)
  A death knight (Vaults:5)
  A spriggan berserker (Depths:4)
  6 hell knights
  A deep troll (Vaults:5)
  A naga ritualist (Snake:4)
  A glowing orange brain (Depths:4)
  A flayed ghost (Geh:4)
  An iron dragon skeleton (Geh:4)
  A hornet (Depths:4)
  A phantom (Geh:4)
  4 wights (Geh:4)
32 creatures vanquished.

Vanquished Creatures (others)
  The ghost of TheAlmogaver the Omniscient, a veteran GnWz of Ashenzari (Zot:3)
  A Tzitzimitl (Tar:1)
  A deep elf blademaster (Elf:3)
  3 eldritch tentacles
  A war gargoyle (Vaults:5)
  A stone giant (Vaults:5)
  4 yaktaur captains
  A naga warrior (Snake:1)
  A centaur warrior (Vaults:2)
  2 naga sharpshooters
  A deep elf archer (Elf:1)
  A deep elf mage (Vaults:5)
  A naga mage (Snake:4)
  10 yaktaurs
  A hornet (Swamp:1)
  A blink frog (Lair:6)
  A water elemental (Elf:3)
  A flying skull (Geh:1)
  A spriggan (Swamp:3)
  A human (D:13)
  A fire elemental (Geh:2)
  A vampire mosquito (Swamp:1)
  4 wights
  An iron imp (Dis:5)
  3 orc wizards
  A hell rat (Hell)
  An orc (Orc:1)
  An orc skeleton (Geh:3)
  7 fungi (Lair:6)
  20 plants
  2 starspawn tentacles (Abyss:2)
  12 tentacles
  9 toadstools (D:5)
98 creatures vanquished.

Grand Total: 3594 creatures vanquished

Notes
Turn   | Place    | Note
-------+----------+-------------------------------------------
     0 | D:1      | flogoulette the Minotaur Berserker began the quest for the
                  | Orb.
     0 | D:1      | Reached XP level 1. HP: 19/19 MP: 0/0
    25 | D:1      | Reached XP level 2. HP: 19/27 MP: 1/1
   208 | D:1      | Reached ** piety under Trog
   301 | D:1      | Reached XP level 3. HP: 33/33 MP: 2/2
  1324 | D:3      | Reached XP level 4. HP: 29/41 MP: 3/3
  1867 | D:3      | Found a glowing golden altar of the Shining One.
  1942 | D:4      | Found Sampidul's Gadget Boutique.
  1980 | D:4      | Noticed Robin
  1990 | D:4      | Killed Robin
  1996 | D:4      | Reached XP level 5. HP: 40/47 MP: 4/4
  2001 | D:4      | Reached *** piety under Trog
  2001 | D:4      | Reached skill level 5 in Fighting
  2007 | D:4      | Reached skill level 5 in Maces & Flails
  2381 | D:4      | Noticed Edmund
  2385 | D:4      | Noticed an ogre
  2385 | D:4      | Noticed a hungry ghost
  2393 | D:4      | Killed Edmund
  2393 | D:4      | Reached XP level 6. HP: 43/56 MP: 5/5
  2397 | D:4      | Reached skill level 5 in Armour
  2409 | D:4      | Killed a hungry ghost
  2409 | D:4      | Reached XP level 7. HP: 54/63 MP: 6/6
  2637 | D:4      | Noticed Grinder
  2646 | D:4      | Killed Grinder
  2914 | D:5      | Entered Level 5 of the Dungeon
  2974 | D:5      | Reached skill level 1 in Evocations
  3007 | D:5      | Noticed a slime creature
  3020 | D:5      | Killed a slime creature
  3020 | D:5      | Reached XP level 8. HP: 73/73 MP: 6/8
  3270 | D:5      | Found an ornate altar of the Wu Jian Council.
  3832 | D:6      | Found a transporter.
  3836 | D:6      | Found a glowing drain.
  3841 | D:6      | Reached **** piety under Trog
  3861 | Sewer    | Entered a sewer
  4539 | D:6      | Noticed diana's ghost (novice DsGl)
  4613 | D:6      | Found an ancient bone altar of Kikubaaqudgha.
  4615 | D:6      | Found a sacrificial altar of Ru.
  4643 | D:6      | Found a white marble altar of Elyvilon.
  4699 | D:6      | Reached XP level 9. HP: 63/82 MP: 10/10
  4727 | D:6      | Found a blossoming altar of Fedhas.
  5087 | D:7      | Reached ***** piety under Trog
  5199 | D:7      | Found a radiant altar of Vehumet.
  5215 | D:7      | Noticed a two-headed ogre
  5221 | D:7      | Killed a two-headed ogre
  5302 | D:7      | Found a staircase to the Ecumenical Temple.
  5560 | D:7      | Found a sparkling altar of Nemelex Xobeh.
  5560 | D:7      | Found an opulent altar of Gozag.
  5670 | D:8      | Reached skill level 5 in Evocations
  5851 | D:8      | Noticed Maurice
  5853 | D:8      | Noticed a manticore
  5863 | D:8      | Killed a manticore
  5863 | D:8      | Reached XP level 10. HP: 93/93 MP: 12/12
  5934 | D:8      | Killed Maurice
  5934 | D:8      | Reached skill level 10 in Fighting
  5934 | D:8      | Reached skill level 10 in Maces & Flails
  5962 | D:8      | Identified the ring "Kusmiet" {*Slow rF+ Str+4 Dex+3 SInv}
  6121 | D:8      | Reached skill level 10 in Armour
  6202 | D:8      | Got a pair of dazzling boots
  6208 | D:8      | Identified the cursed +0 pair of boots of Entitlement
                  | {rPois Regen+} (You found it on level 8 of the Dungeon)
  6228 | D:8      | Found a snail-covered altar of Cheibriados.
  6232 | D:8      | Found a bloodstained altar of Trog.
  6805 | D:9      | Noticed a guardian serpent
  6816 | D:9      | Killed a guardian serpent
  6947 | D:9      | Found Jyddej's Jewellery Emporium.
  7350 | D:10     | Entered Level 10 of the Dungeon
  7679 | D:10     | Noticed a two-headed ogre
  7779 | D:10     | Killed a two-headed ogre
  7779 | D:10     | Reached XP level 11. HP: 103/103 MP: 13/13
  7879 | D:10     | Found Aperhiem's Weapon Emporium.
  8174 | D:10     | Received a gift from Trog
  8456 | D:11     | Noticed a two-headed ogre
  8466 | D:11     | Killed a two-headed ogre
  8551 | D:11     | Found a staircase to the Lair.
  8725 | D:11     | Found a staircase to the Orcish Mines.
  8848 | D:11     | Noticed Fannar
  8864 | D:11     | Killed Fannar
  9166 | Lair:1   | Entered Level 1 of the Lair of Beasts
  9207 | Lair:1   | Found a gate leading to a gauntlet.
  9216 | Gauntlet | Entered a Gauntlet
  9216 | Gauntlet | Found a transporter.
  9216 | Gauntlet | Found a transporter.
  9216 | Gauntlet | Found a runed translucent door.
  9226 | Gauntlet | Found a transporter.
  9229 | Gauntlet | Found a transporter.
  9235 | Gauntlet | Found the +9 sword of Zonguldrok {reap}
  9237 | Gauntlet | Found a transporter.
  9241 | Gauntlet | Found a transporter.
  9252 | Gauntlet | Found a transporter.
  9262 | Gauntlet | Found a runed translucent door.
  9266 | Gauntlet | Found a transporter.
  9273 | Gauntlet | Noticed a hell hog
  9279 | Gauntlet | Found a transporter.
  9283 | Gauntlet | Found a transporter.
  9291 | Gauntlet | Found a transporter.
  9295 | Gauntlet | Found a transporter.
  9299 | Gauntlet | Found a runed translucent door.
  9574 | Gauntlet | Killed a hell hog
  9617 | Gauntlet | Got a pair of ichor-stained gloves
  9664 | Gauntlet | Identified the +1 pair of gloves of Untruth {rElec Regen+
                  | Str+3} (You found it in a Gauntlet)
  9674 | Gauntlet | Identified the cursed +1 battleaxe of Suicidal Tendencies
                  | {freeze, -Tele *Rage Int+8 Stlth+}
  9674 | Gauntlet | Identified the ring of Optimism {rPois rF+}
  9674 | Gauntlet | Noticed a minotaur
  9685 | Gauntlet | Killed a minotaur
  9779 | Gauntlet | Got a crude demon trident
  9780 | Gauntlet | Identified the +7 demon trident of Gailigu {flame, rF+}
                  | (You found it in a Gauntlet)
  9962 | Lair:1   | Reached XP level 12. HP: 102/115 MP: 14/14
 11352 | Lair:2   | Found a staircase to the Snake Pit.
 11609 | Lair:3   | Found a runed translucent gate.
 11609 | Lair:3   | Found a runed translucent gate.
 11610 | Lair:3   | Found a runed translucent gate.
 11925 | Lair:3   | Found a staircase to the Swamp.
 12198 | Lair:3   | Noticed Deed's ghost (journeyman MiFi)
 12198 | Lair:3   | Noticed Rokoch's ghost (journeyman HOWn)
 12198 | Lair:3   | Noticed Fuxod's ghost (journeyman GnWn)
 12198 | Lair:3   | Noticed Nuesmol's ghost (journeyman FoFi)
 12227 | Lair:4   | Received a gift from Trog
 12248 | Lair:4   | Noticed a five-headed hydra
 12258 | Lair:4   | Killed a five-headed hydra
 12480 | Lair:4   | Found a runed translucent gate.
 12480 | Lair:4   | Found a runed translucent gate.
 12480 | Lair:4   | Found a runed translucent gate.
 12630 | Lair:4   | Reached XP level 13. HP: 125/125 MP: 15/15
 12644 | Lair:4   | Noticed shugdite's ghost (adept KoBe)
 13172 | Lair:5   | You fall through a shaft!
 13172 | Lair:6   | Entered Level 6 of the Lair of Beasts
 13456 | Lair:5   | Reached skill level 15 in Fighting
 13456 | Lair:5   | Reached skill level 15 in Maces & Flails
 13456 | Lair:5   | Reached skill level 15 in Armour
 13456 | Lair:5   | Reached skill level 5 in Shields
 13456 | Lair:5   | Reached XP level 14. HP: 135/135 MP: 16/16
 13962 | Lair:6   | Received a gift from Trog
 14881 | Lair:6   | Found a staircase to the Slime Pits.
 15131 | D:12     | Noticed Rupert
 15146 | D:12     | Killed Rupert
 15400 | D:12     | Noticed Sonja
 15413 | D:12     | Killed Sonja
 15696 | D:12     | Reached ****** piety under Trog
 15696 | D:12     | Received a gift from Trog
 15912 | D:13     | Reached XP level 15. HP: 144/144 MP: 6/19
 15950 | D:13     | Noticed Kirke
 15965 | D:13     | Killed Kirke
 15990 | D:13     | Found a gate to the Vaults.
 16242 | D:13     | Noticed Snorg
 16250 | D:13     | Killed Snorg
 16314 | D:13     | Found Dach's Weapon Boutique.
 16396 | D:13     | Found a white marble altar of Elyvilon.
 16476 | D:13     | Found a basalt altar of Yredelemnul.
 16675 | D:14     | Noticed Nessos
 16684 | D:14     | Killed Nessos
 17088 | D:14     | Noticed Roxanne
 17405 | D:14     | Killed Roxanne
 17444 | D:15     | Entered Level 15 of the Dungeon
 17591 | D:15     | Found a staircase to the Depths.
 18199 | D:15     | Received a gift from Trog
 18563 | Orc:1    | Entered Level 1 of the Orcish Mines
 18955 | Orc:2    | Entered Level 2 of the Orcish Mines
 19252 | Orc:2    | Found a staircase to the Elven Halls.
 19373 | Orc:2    | Received a gift from Trog
 19409 | Orc:2    | Reached XP level 16. HP: 155/155 MP: 7/21
 19544 | Orc:2    | Found Giogot's Weapon Emporium.
 19555 | Orc:2    | Found Coen's General Store.
 19555 | Orc:2    | Found Xucuac's Assorted Antiques.
 19555 | Orc:2    | Found Renetsyn's Magic Scroll Boutique.
 19577 | Orc:2    | Bought a scroll of identify for 36 gold pieces
 19577 | Orc:2    | Bought a scroll of identify for 36 gold pieces
 19580 | Orc:2    | Bought a scroll labeled PULUEHA IQODEL for 18 gold pieces
 20088 | Snake:1  | Entered Level 1 of the Snake Pit
 20098 | Snake:1  | Noticed Jorgrun
 20108 | Snake:1  | Killed Jorgrun
 20497 | Snake:1  | Found Perolo's Antique Armour Boutique.
 20524 | Snake:1  | Received a gift from Trog
 20662 | Snake:1  | Found Jit Emaysikh's Antique Armour Shop.
 20983 | D:6      | Found a transporter.
 20997 | D:6      | Killed diana's ghost
 20997 | D:6      | Received a gift from Trog
 21263 | Lair:3   | Killed Nuesmol's ghost
 21270 | Lair:3   | Killed Rokoch's ghost
 21270 | Lair:3   | Reached skill level 10 in Evocations
 21278 | Lair:3   | Killed Deed's ghost
 21288 | Lair:3   | Killed Fuxod's ghost
 21306 | Lair:3   | Got a faintly glowing plate armour
 21317 | Lair:3   | Identified the +9 plate armour of Orthodoxy {rElec rPois
                  | Str+4 Slay-4} (You found it on level 3 of the Lair of
                  | Beasts)
 21443 | Lair:4   | Killed shugdite's ghost
 21466 | Lair:4   | Identified the Volume of Air
 21635 | Snake:1  | Bought a bloodstained plate armour for 756 gold pieces
 21647 | Snake:1  | Identified the +8 plate armour "Batrodom" {rPois Str-5
                  | SInv} (You bought it in a shop on level 1 of the Snake Pit)
 21662 | Snake:1  | Bought a slimy plate armour for 756 gold pieces
 21667 | Snake:1  | Identified the +7 plate armour "Finwybb" {Int+3 Dex-2
                  | Slay+3 Stlth+} (You bought it in a shop on level 1 of the
                  | Snake Pit)
 21687 | Snake:1  | Noticed Donald
 21705 | Snake:1  | Killed Donald
 22362 | Snake:2  | Noticed Saint Roka
 22363 | Snake:2  | Reached XP level 17. HP: 163/165 MP: 7/23
 22400 | Snake:2  | Killed Saint Roka
 22696 | Snake:2  | Found Ritiah's Gadget Shoppe.
 22696 | Snake:2  | Found Osoczo's Jewellery Boutique.
 22697 | Snake:2  | Found Viysaf's Jewellery Boutique.
 23474 | Snake:2  | Bought the ring "Nonk" {rC- rN++ MR+++ AC+2} for 507 gold
                  | pieces
 23486 | Snake:2  | Bought an uncursed amulet of regeneration for 390 gold
                  | pieces
 23578 | Snake:3  | Found Bonaun's Gadget Boutique.
 23631 | Snake:3  | Reached skill level 10 in Shields
 23635 | Snake:3  | Received a gift from Trog
 23999 | Snake:4  | Entered Level 4 of the Snake Pit
 24028 | Snake:4  | Received a gift from Trog
 24535 | Snake:4  | Noticed Louise
 24569 | Snake:4  | Killed Louise
 24595 | Snake:4  | Received a gift from Trog
 24602 | Snake:4  | Noticed Vashnia
 24974 | Snake:4  | Reached XP level 18. HP: 158/176 MP: 8/25
 25245 | Snake:4  | Killed Vashnia
 25489 | Snake:4  | Got a serpentine rune of Zot
 26002 | Swamp:1  | Entered Level 1 of the Swamp
 26200 | Lair:3   | Received a gift from Trog
 27964 | Swamp:3  | Noticed Bai Suzhen
 27985 | Swamp:3  | Killed Bai Suzhen
 28081 | Swamp:3  | Received a gift from Trog
 28411 | Swamp:3  | Got a polished plate armour
 28422 | Swamp:3  | Identified the cursed +0 plate armour "Ynaxkeosh" {rElec
                  | rPois MP+9 Str+3} (You found it on level 3 of the Swamp)
 28813 | Swamp:4  | Entered Level 4 of the Swamp
 29330 | Swamp:4  | Noticed the 27-headed Lernaean hydra
 29344 | Swamp:4  | Killed the 27-headed Lernaean hydra
 29344 | Swamp:4  | Reached XP level 19. HP: 149/184 MP: 9/27
 29428 | Swamp:4  | Got a decaying rune of Zot
 29975 | Elf:1    | Entered Level 1 of the Elven Halls
 30191 | Elf:1    | Received a gift from Trog
 31059 | Elf:2    | Found Udekleh's Weapon Emporium.
 31243 | Elf:2    | Found a runed translucent gate.
 31243 | Elf:2    | Found a runed translucent gate.
 31244 | Elf:2    | Found a runed translucent gate.
 31483 | Elf:2    | Gained mutation: Your movements are slightly less
                  | encumbered by armour. (ER -2) [a neqoxec]
 31488 | Elf:2    | Received a gift from Trog
 31738 | Elf:3    | Entered Level 3 of the Elven Halls
 32064 | Elf:3    | Received a gift from Trog
 32066 | Elf:3    | Found the +8 lance "Wyrmbane" {slay drac, rPois rF+ rC+
                  | AC+3}
 32407 | Elf:3    | Reached XP level 20. HP: 193/195 MP: 9/28
 32529 | Elf:3    | Reached skill level 15 in Shields
 32540 | Elf:3    | Identified the amulet "Ejuity" {Reflect Dex+3 SH+2 Stlth+}
 32563 | Elf:3    | Received a gift from Trog
 32780 | Elf:3    | Got a heavily runed steel ring
 32783 | Elf:3    | Got a scintillating bronze amulet
 32786 | Elf:3    | Got a crude flail
 32787 | Elf:3    | Identified the +3 flail of Shrieking Terror {protect, MR++
                  | Str+2 Int+5} (You found it on level 3 of the Elven Halls)
 32793 | Elf:3    | Identified the ring "Ubaso" {Fire Slay+2 SInv Stlth+} (You
                  | found it on level 3 of the Elven Halls)
 32810 | Elf:3    | Identified the amulet "Onwerag" {rC+ Regen+} (You found it
                  | on level 3 of the Elven Halls)
 32812 | Elf:3    | Got an ancient graven amulet
 32846 | Elf:3    | Got a bound sapphire amulet
 33314 | Vaults:1 | Entered Level 1 of the Vaults
 33549 | Vaults:1 | Identified the amulet of Xom's Recklessness {+Rage MR+}
                  | (You found it on level 3 of the Elven Halls)
 33556 | Vaults:1 | Found Heixt's Food Shoppe.
 33882 | Vaults:1 | Received a gift from Trog
 34647 | Vaults:2 | Got a twitching iron ring
 34672 | Vaults:2 | Identified the ring "Beguokk" {*Drain rF- rN+ Int+7 Stlth-}
                  | (You found it on level 2 of the Vaults)
 35055 | Vaults:2 | Reached XP level 21. HP: 196/206 MP: 9/29
 35219 | Vaults:2 | Received a gift from Trog
 35576 | Vaults:2 | Found Cumoc's Distillery.
 35582 | Vaults:2 | Bought a potion of lignification for 54 gold pieces
 35694 | Vaults:2 | Noticed Jory
 35733 | Vaults:2 | Killed Jory
 35979 | Vaults:3 | Found a staircase to the Crypt.
 36227 | Vaults:3 | Received a gift from Trog
 36500 | Vaults:3 | Identified the amulet "Goaz" {Inacc Int+4 SInv} (You found
                  | it on level 3 of the Elven Halls)
 37291 | Vaults:4 | Received a gift from Trog
 37910 | Vaults:4 | Found a basalt altar of Yredelemnul.
 38549 | Depths:1 | Entered Level 1 of the Depths
 38864 | Depths:1 | Reached XP level 22. HP: 220/220 MP: 10/30
 38867 | Depths:1 | Received a gift from Trog
 38903 | Depths:1 | Found a sparkling altar of Nemelex Xobeh.
 39120 | Depths:1 | Found a gateway to Hell.
 39336 | Depths:1 | Found a one-way gate to the infinite horrors of the Abyss.
 39474 | Depths:1 | Noticed Aizul
 39485 | Depths:1 | Killed Aizul
 39655 | Depths:2 | Found a one-way gate leading to the halls of Pandemonium.
 39984 | Depths:2 | Found a gateway to a ziggurat.
 40197 | Depths:2 | Found the +8 orange crystal plate armour {Archmagi, Int+3
                  | Clar}
 40418 | Depths:2 | Received a gift from Trog
 41195 | Depths:3 | You fall through a shaft!
 41426 | Depths:4 | Identified the cursed +0 shield "Tosmar" {rPois rF++ SInv}
                  | (You found it on level 4 of the Depths)
 41448 | Depths:4 | Received a gift from Trog
 41474 | Depths:4 | Noticed a golden dragon
 41480 | Depths:4 | Killed a golden dragon
 42098 | Depths:3 | Identified the +1 shield of Broken Taboos {rF+ rN+} (You
                  | found it on level 3 of the Depths)
 42145 | Depths:3 | Reached XP level 23. HP: 119/229 MP: 6/31
 42262 | Depths:3 | Noticed an ancient lich
 42278 | Depths:3 | Killed an ancient lich
 42472 | Depths:3 | Received a gift from Trog
 43107 | Depths:5 | Entered Level 5 of the Depths
 43468 | Depths:5 | Found a gate to the Realm of Zot.
 43988 | Depths:5 | Identified the +1 morningstar of Spite {antimagic, *Noise
                  | rN+ Dex+3}
 44585 | Crypt:1  | Entered Level 1 of the Crypt
 44649 | Crypt:1  | Received a gift from Trog
 44848 | Crypt:1  | Received a gift from Trog
 45031 | Crypt:1  | Noticed Margery
 45043 | Crypt:1  | Killed Margery
 45518 | Crypt:2  | Found a basalt altar of Yredelemnul.
 45635 | Crypt:2  | Received a gift from Trog
 45665 | Crypt:2  | Reached XP level 24. HP: 229/243 MP: 10/31
 46012 | Crypt:2  | Noticed Frederick
 46022 | Crypt:2  | Killed Frederick
 46110 | Crypt:2  | Identified the Almanac of Black Magic
 46265 | Crypt:2  | Received a gift from Trog
 46416 | Crypt:3  | Entered Level 3 of the Crypt
 46902 | Crypt:3  | Received a gift from Trog
 46998 | Crypt:3  | Noticed Boris
 47017 | Crypt:3  | Killed Boris
 47139 | Crypt:3  | Found a staircase to the Tomb.
 47237 | Crypt:3  | Found a basalt altar of Yredelemnul.
 47240 | Crypt:3  | Noticed an ancient lich
 47257 | Crypt:3  | Killed an ancient lich
 47308 | Crypt:3  | Got a steaming iron ring
 47311 | Crypt:3  | Identified the ring "Sasely" {+Blink MR+ Dex-4 Stlth+} (You
                  | found it on level 3 of the Crypt)
 47784 | Vaults:5 | Entered Level 5 of the Vaults
 47813 | Vaults:4 | Received a gift from Trog
 48192 | Vaults:5 | Reached XP level 25. HP: 172/253 MP: 10/31
 48601 | Vaults:5 | Received a gift from Trog
 48781 | Vaults:5 | Noticed Boris
 48803 | Vaults:5 | Killed Boris
 49065 | Vaults:5 | Received a gift from Trog
 49652 | Vaults:5 | Got a silver rune of Zot
 51052 | Depths:1 | Voluntarily entered the Abyss.
 51287 | Abyss:2  | Received a gift from Trog
 51301 | Abyss:2  | Found a corrupted altar of Lugonu.
 51586 | Abyss:3  | Got an abyssal rune of Zot
 51597 | Depths:1 | Escaped the Abyss
 51881 | Slime:1  | Entered Level 1 of the Pits of Slime
 51911 | Slime:1  | Reached skill level 27 in Maces & Flails
 51932 | Slime:1  | Reached skill level 27 in Fighting
 51979 | Slime:2  | Reached XP level 26. HP: 244/265 MP: 10/31
 52012 | Slime:2  | Reached skill level 27 in Armour
 52017 | Slime:2  | Gained mutation: Your body sometimes deteriorates upon
                  | taking damage. [a shining eye]
 52522 | Slime:1  | Received a gift from Trog
 52598 | Slime:1  | You fall through a shaft!
 53134 | Slime:3  | Found a viscous altar of Jiyva.
 53695 | Slime:4  | Gained mutation: Your body often deteriorates upon taking
                  | damage. [a shining eye]
 53700 | Slime:4  | Gained mutation: You are frail. (-10% HP) [a shining eye]
 54170 | Slime:5  | Entered Level 5 of the Pits of Slime
 54170 | Slime:5  | Noticed Dissolution
 54178 | Slime:5  | Paralysed by a floating eye for 3 turns
 54188 | Slime:5  | Killed Dissolution
 54327 | Slime:5  | Received a gift from Trog
 54439 | Slime:5  | Noticed the Royal Jelly
 54441 | Slime:5  | Gained mutation: Your spells are a little easier to cast,
                  | but a little less powerful. [a shining eye]
 54447 | Slime:5  | Killed the Royal Jelly
 54454 | Slime:5  | Gained mutation: Your muscles are strong. (Str +2) [a
                  | shining eye]
 55059 | Slime:5  | Got a slimy rune of Zot
 55141 | Slime:5  | Identified the Grimoire of Sinister Cold
 56061 | Zot:1    | Entered Level 1 of the Realm of Zot
 56275 | Zot:1    | You fall through a shaft!
 56333 | Zot:1    | Reached skill level 5 in Dodging
 56590 | Zot:1    | Noticed an orb of fire
 56611 | Zot:1    | Killed an orb of fire
 57216 | Zot:2    | Reached XP level 27. HP: 238/244 MP: 10/31
 57267 | Zot:2    | Noticed an orb of fire
 57277 | Zot:2    | Lost mutation: You are frail. (-10% HP) [an orb of fire]
 57291 | Zot:2    | Killed an orb of fire
 57752 | Zot:2    | Reached skill level 10 in Dodging
 58219 | Zot:2    | Received a gift from Trog
 59455 | Zot:3    | Found a runed translucent gate.
 59455 | Zot:3    | Found a runed translucent gate.
 59455 | Zot:3    | Found an ancient bone altar of Kikubaaqudgha.
 59455 | Zot:3    | Found a runed translucent gate.
 59455 | Zot:3    | Noticed Alunk's ghost (legendary GnFi)
 59456 | Zot:3    | Noticed totalnoob's ghost (veteran MiMo)
 59456 | Zot:3    | Noticed TheAlmogaver's ghost (veteran GnWz)
 59456 | Zot:3    | Noticed an ancient lich
 59456 | Zot:3    | Noticed an ancient lich
 59561 | Zot:3    | Found a transporter.
 59563 | Zot:3    | Noticed an orb of fire
 59565 | Zot:3    | Found a transporter.
 60035 | Zot:4    | Noticed an orb of fire
 60036 | Zot:4    | Lost mutation: Your muscles are strong. (Str +2) [an orb of
                  | fire]
 60040 | Zot:4    | Gained mutation: You are resistant to hostile enchantments.
                  | (MR+) [an orb of fire]
 60064 | Zot:4    | Killed an orb of fire
 61500 | Zot:4    | Received a gift from Trog
 61821 | Zot:5    | Entered Level 5 of the Realm of Zot
 62613 | Zot:5    | Noticed an ancient lich
 62630 | Zot:5    | Killed an ancient lich
 62751 | Zot:5    | Noticed an ancient lich
 62776 | Zot:5    | Killed an ancient lich
 62829 | Zot:5    | Noticed an ancient lich
 62853 | Zot:5    | Killed an ancient lich
 63028 | Zot:5    | Noticed an ancient lich
 63040 | Zot:5    | Killed an ancient lich
 63048 | Zot:5    | Reached skill level 15 in Dodging
 63163 | Zot:5    | Noticed an orb of fire
 63203 | Zot:5    | Noticed an ancient lich
 63230 | Zot:5    | Noticed an ancient lich
 63242 | Zot:5    | Killed an ancient lich
 63325 | Zot:5    | Gained mutation: You are frail. (-10% HP) [an orb of fire]
 63325 | Zot:5    | Gained mutation: You possess an exceptional clarity of
                  | mind. [an orb of fire]
 63327 | Zot:5    | Gained mutation: You are occasionally teleported next to
                  | monsters. [an orb of fire]
 63329 | Zot:5    | Gained mutation: Scrolls take you a little longer to read.
                  | [an orb of fire]
 63333 | Zot:5    | Gained mutation: You have large cloven feet. [an orb of
                  | fire]
 63334 | Zot:5    | Gained mutation: Your magical capacity is low. (-10% MP)
                  | [an orb of fire]
 63335 | Zot:5    | Killed an orb of fire
 63397 | Zot:5    | Received a gift from Trog
 63477 | Zot:5    | Noticed an orb of fire
 63477 | Zot:5    | Gained mutation: You are sometimes teleported next to
                  | monsters. [an orb of fire]
 63478 | Zot:5    | Noticed an orb of fire
 63487 | Zot:5    | Gained mutation: You are weak. (Str -2) [an orb of fire]
 63487 | Zot:5    | Killed an orb of fire
 63503 | Zot:5    | Noticed an orb of fire
 63532 | Zot:5    | Killed an orb of fire
 63537 | Zot:5    | Gained mutation: You occasionally shout uncontrollably at
                  | your foes. [an orb of fire]
 63540 | Zot:5    | Noticed an ancient lich
 64022 | Hell     | Entered the Vestibule of Hell
 64022 | Hell     | Noticed Geryon
 64037 | Hell     | Killed Geryon
 64152 | Depths:1 | Lost mutation: You possess an exceptional clarity of mind.
                  | [potion of mutation]
 64152 | Depths:1 | Lost mutation: Your magical capacity is low. (-10% MP)
                  | [potion of mutation]
 64152 | Depths:1 | Lost mutation: Your spells are a little easier to cast, but
                  | a little less powerful. [potion of mutation]
 64152 | Depths:1 | Lost mutation: Scrolls take you a little longer to read.
                  | [potion of mutation]
 64152 | Depths:1 | Lost mutation: You are frail. (-10% HP) [potion of
                  | mutation]
 64152 | Depths:1 | Gained mutation: You are dopey. (Int -2) [potion of
                  | mutation]
 64152 | Depths:1 | Lost mutation: You are dopey. (Int -2) [potion of mutation]
 64152 | Depths:1 | Gained mutation: You have a pair of large horns on your
                  | head. [potion of mutation]
 64153 | Depths:1 | Lost mutation: You occasionally shout uncontrollably at
                  | your foes. [potion of mutation]
 64153 | Depths:1 | Lost mutation: Your body often deteriorates upon taking
                  | damage. [potion of mutation]
 64153 | Depths:1 | Lost mutation: You are resistant to hostile enchantments.
                  | (MR+) [potion of mutation]
 64153 | Depths:1 | Lost mutation: You are sometimes teleported next to
                  | monsters. [potion of mutation]
 64153 | Depths:1 | Lost mutation: Your body sometimes deteriorates upon taking
                  | damage. [potion of mutation]
 64153 | Depths:1 | Gained mutation: You are covered in fur. (AC +1) [potion of
                  | mutation]
 64154 | Depths:1 | Lost mutation: You have a pair of large horns on your head.
                  | [potion of mutation]
 64154 | Depths:1 | Lost mutation: You are occasionally teleported next to
                  | monsters. [potion of mutation]
 64154 | Depths:1 | Lost mutation: You are weak. (Str -2) [potion of mutation]
 64154 | Depths:1 | Lost mutation: You have large cloven feet. [potion of
                  | mutation]
 64154 | Depths:1 | Gained mutation: You passively map a small area around you.
                  | [potion of mutation]
 64154 | Depths:1 | Gained mutation: Potions are less effective at restoring
                  | your health. [potion of mutation]
 64154 | Depths:1 | Gained mutation: You are partially covered in iridescent
                  | scales. (AC +2) [potion of mutation]
 64154 | Depths:1 | Gained mutation: Your flesh is heat resistant. (rF+)
                  | [potion of mutation]
 64511 | Hell     | Found a gateway to the decaying netherworld of Tartarus.
 64594 | Hell     | Found a gateway to the ashen valley of Gehenna.
 64661 | Hell     | Found a gateway to the Iron City of Dis.
 64688 | Hell     | Found a gateway to the freezing wastes of Cocytus.
 64690 | Hell     | Noticed Murray
 64888 | Hell     | Killed Murray
 64888 | Hell     | Reached skill level 15 in Evocations
 64971 | Geh:1    | Entered Level 1 of Gehenna
 65004 | Geh:1    | Received a gift from Trog
 65328 | Geh:1    | Received a gift from Trog
 65886 | Geh:1    | Lost intelligence.
 65890 | Geh:1    | Received a gift from Trog
 66022 | D:15     | Lost intelligence.
 66136 | D:13     | Lost intelligence.
 66170 | D:15     | Lost intelligence.
 66225 | Depths:1 | Lost intelligence.
 66302 | Geh:1    | Lost intelligence.
 66364 | Geh:1    | Lost intelligence.
 66516 | Geh:1    | Gained mutation: Your body sometimes deteriorates upon
                  | taking damage. [mutagenic glow]
 66518 | Geh:1    | Lost intelligence.
 67008 | Geh:2    | Received a gift from Trog
 67577 | Geh:2    | Received a gift from Trog
 67962 | Geh:4    | Received a gift from Trog
 68210 | Geh:4    | Reached skill level 27 in Shields
 68254 | Geh:5    | Received a gift from Trog
 68453 | Geh:5    | Gained mutation: Armour fits poorly on your strangely
                  | shaped body. [mutagenic glow]
 68646 | Geh:7    | Entered Level 7 of Gehenna
 68666 | Geh:7    | Received a gift from Trog
 69117 | Geh:7    | Got a smoking bronze ring
 69119 | Geh:7    | Identified the ring "Vaihoywk" {MR+ Int+5} (You found it on
                  | level 7 of Gehenna)
 69137 | Geh:7    | Identified the +1 great sword of Triumph {slice, rPois}
                  | (You found it on level 7 of Gehenna)
 69460 | Geh:7    | Identified the +7 sceptre of Asmodeus
 69460 | Geh:7    | Noticed Asmodeus
 69476 | Geh:7    | Killed Asmodeus
 69476 | Geh:7    | Received a gift from Trog
 69513 | Geh:7    | Got an obsidian rune of Zot
 69825 | Tar:1    | Entered Level 1 of Tartarus
 70495 | Tar:3    | Received a gift from Trog
 70923 | Tar:7    | Entered Level 7 of Tartarus
 70931 | Tar:7    | Received a gift from Trog
 70962 | Tar:7    | Got a bloodstained mace {god gift}
 70965 | Tar:7    | Identified the +4 mace of Eroxunuz {freeze, *Noise rF+++
                  | MR+ Int+3} (Trog gifted it to you on level 7 of Tartarus)
 71514 | Tar:7    | Received a gift from Trog
 71810 | Tar:7    | Lost intelligence.
 72126 | Tar:7    | Identified the amulet "Fuewic" {+Inv Regen+} (You found it
                  | on level 7 of Tartarus)
 72252 | Tar:7    | Received a gift from Trog
 72377 | Tar:7    | Found the +4 moon troll leather armour {Spirit, Regen++
                  | MP+5}
 72647 | Tar:7    | Noticed Ereshkigal
 72855 | Tar:7    | Killed Ereshkigal
 72942 | Tar:7    | Identified the +4 plate armour of Joy {Str+4 Int+3} (You
                  | found it on level 7 of Tartarus)
 72944 | Tar:7    | Got a bone rune of Zot
 73050 | Tar:7    | Reached skill level 1 in Stealth
 73410 | Zot:3    | Killed an ancient lich
 73417 | Zot:3    | Killed an ancient lich
 73424 | Zot:3    | Killed totalnoob's ghost
 73433 | Zot:3    | Killed TheAlmogaver's ghost
 73485 | Zot:3    | Identified the ring of Unus {rC++ rN+} (You found it on
                  | level 3 of the Realm of Zot)
 73492 | Zot:3    | Killed Alunk's ghost
 73509 | Zot:3    | Identified Kikubaaqudgha's Disquisition on Darkness
 73667 | Dis:1    | Entered Level 1 of the Iron City of Dis
 74053 | Dis:2    | Reached skill level 5 in Stealth
 74168 | Dis:3    | Received a gift from Trog
 74235 | Dis:3    | You fall through a shaft for 2 floors!
 74238 | Dis:5    | HP: 11/271 [??? (4)]
 74239 | Dis:5    | Hit by an ancient champion thrown by iron giant

Skill      XL: |  1  2  3  4  5  6  7  8  9 10 11 12 13 14 15 16 17 18 19 20 21 22 23 24 25 26 27 |
---------------+----------------------------------------------------------------------------------+-----
Fighting       | 4 5 6 7 8 9 11 13 14 15 16 17 18 19 20 21 23 24 25 26 27 | 27.0
Maces & Flails | 4 5 6 7 8 9 11 13 14 15 16 17 18 19 20 21 23 24 25 26 27 | 27.0
Armour         | 3 4 5 6 8 9 11 12 14 15 16 17 18 19 20 21 22 24 25 26 27 | 27.0
Evocations     | 1 3 5 7 9 10 11 12 21 | 21.2
Shields        | 5 6 9 11 13 14 15 17 22 27 | 27.0
Dodging        | 7 23 | 23.7
Stealth        | 5 |  5.0

Action                   |  1- 3 |  4- 6 |  7- 9 | 10-12 | 13-15 | 16-18 | 19-21 | 22-24 | 25-27 || total
-------------------------+-------+-------+-------+-------+-------+-------+-------+-------+-------++-------
Melee: Mace              |    56 |       |       |       |       |       |       |       |       ||    56
       Headbutt          |    10 |    16 |    53 |   166 |   261 |   409 |   571 |   844 |  1621 ||  3951
       Flail             |     4 |   114 |   295 |   635 |    83 |       |       |       |       ||  1131
       Double sword      |       |       |       |     4 |       |       |       |       |       ||     4
       Dire flail        |       |       |       |       |   504 |       |       |       |       ||   504
       Demon whip        |       |       |       |       |   245 |  1544 |  1755 |  2179 |  1585 ||  7308
       Eveningstar       |       |       |       |       |       |       |       |       |  3038 ||  3038
Throw: Javelin           |       |       |       |     3 |     2 |       |       |       |       ||     5
Invok: Berserk           |       |     1 |     3 |     5 |     3 |     7 |     4 |     8 |     9 ||    40
       Trog's Hand       |       |       |       |     3 |     3 |     5 |     6 |     9 |    53 ||    79
       Brothers in Arms  |       |       |       |       |       |     1 |       |     1 |     4 ||     6
Evoke: Wand              |       |       |     1 |       |       |     6 |    12 |    14 |    23 ||    56
       Lamp of fire      |       |       |       |       |     1 |     1 |     1 |     1 |     6 ||    10
       Fan of gales      |       |       |       |       |       |       |     1 |       |       ||     1
       Phantom mirror    |       |       |       |       |       |       |       |       |     1 ||     1
       Lightning rod     |       |       |       |       |       |       |       |       |     3 ||     3
       Sack of spiders   |       |       |       |       |       |       |       |       |     2 ||     2
       Horn of Geryon    |       |       |       |       |       |       |       |       |     1 ||     1
       Phial of floods   |       |       |       |       |       |       |       |       |     1 ||     1
  Use: Scroll            |     3 |     3 |     4 |     7 |     7 |    12 |    14 |     4 |    45 ||    99
       Potion            |       |       |       |       |     1 |     2 |     5 |     2 |    35 ||    45
 Stab: Paralysed         |       |       |     4 |       |       |       |       |       |       ||     4
       Petrified         |       |       |       |       |     3 |       |       |       |       ||     3
       Confused          |       |       |       |       |       |     2 |       |       |       ||     2
       Sleeping          |       |       |       |       |       |       |     3 |     5 |       ||     8
       Distracted        |       |       |       |       |       |       |     1 |     1 |     1 ||     3
  Eat: Chunk             |       |     4 |    15 |    23 |    23 |    22 |    37 |    22 |    49 ||   195
       Ration            |       |     1 |       |     2 |     1 |     6 |     1 |     6 |    22 ||    39
Armor: Animal skin       |     7 |       |       |       |       |       |       |       |       ||     7
       Chain mail        |    33 |    59 |   106 |       |       |       |       |       |       ||   198
       Plate armour      |       |       |    35 |   404 |   455 |   672 |   288 |   303 |   605 ||  2762
       Skin              |       |       |       |       |     1 |       |       |       |       ||     1
       Ice dragon scales |       |       |       |       |       |       |    80 |   326 |       ||   406
       Gold dragon scale |       |       |       |       |       |       |       |       |   847 ||   847
Dodge: Dodged            |    31 |    25 |   114 |   226 |   238 |   305 |   141 |   302 |  1481 ||  2863
Block: Other             |       |       |       |    97 |    95 |       |       |       |       ||   192
       Reflection        |       |       |       |     1 |    12 |   103 |   129 |    63 |    62 ||   370
       Buckler           |       |       |       |       |    71 |    58 |       |       |       ||   129
       Shield            |       |       |       |       |       |   586 |       |       |  2804 ||  3390
       Large shield      |       |       |       |       |       |   356 |  1302 |  1968 |  1405 ||  5031
       Rpst.: Double sword |       |       |       |     1 |       |       |       |       |       ||     1
